 Dungeon Crawl Stone Soup version 0.29.1-2-gbd0b4ee654 (webtiles) character file.

Game seed: 7374357266344572913

321 Descartes the Shield-Bearer (level 6, -1/47 HPs)
             Began as a Formicid Fighter on Nov 8, 2022.
             Was an Initiate of Gozag.
             Slain by a gnoll
             ... wielding a +0 flail
             ... led by a gnoll bouda
              (9 damage)
             ... on level 5 of the Dungeon.
             The game lasted 00:03:41 (4533 turns).

Descartes the Shield-Bearer (Formicid Fighter)      Turns: 4533, Time: 00:03:42

Health: -1/47      AC: 11    Str: 23    XL:     6   Next: 76%
Magic:  6/6        EV:  7    Int: 13    God:    Gozag
Gold:   238        SH:  5    Dex: 13    Spells: 5/5 levels left

rFire   + . .      SeeInvis +   a - +0 war axe
rCold   . . .      Faith    .   c - +0 buckler
rNeg    . . .      Spirit   .   j - +0 chain mail
rPois   .          Reflect  .   (helmet unavailable)
rElec   .          Harm     .   (no cloak)
rCorr   .          Rampage  .   (no gloves)
Will    .....                   m - +0 pair of boots
Stlth   ..........              (no amulet)
HPRegen 0.15/turn               f - +6 ring of intelligence
MPRegen 0.10/turn               y - ring of protection from fire

@: gold aura
A: permanent stasis, dig shafts and tunnels, antennae 3, four strong arms
a: Dig, Shaft Self, Renounce Religion, Potion Petition, Call Merchant, Bribe
Branch


You were on level 5 of the Dungeon.
You worshipped Gozag.
Gozag was aware of your devotion.
You visited 2 branches of the dungeon, and saw 6 of its levels.

You collected 297 gold pieces.
You paid 59 gold pieces to Gozag.

Inventory:

Hand Weapons
 a - a +0 war axe (weapon)
Missiles
 k - 6 boomerangs
 s - 3 atropa-tipped darts
Armour
 c - a +0 buckler (worn)
 j - a +0 chain mail (worn)
 m - a +0 pair of boots (worn)
Jewellery
 f - a +6 ring of intelligence (left hand)
 y - a ring of protection from fire (right hand)
Wands
 t - a wand of flame (2)
Scrolls
 g - 3 scrolls of fog {unknown}
 h - 4 scrolls of identify {unknown}
 l - 2 scrolls of acquirement {unknown}
 n - 2 scrolls of immolation {unknown}
 o - 2 scrolls of noise {unknown}
 p - 2 scrolls of teleportation {unknown}
 q - a scroll of enchant armour {unknown}
 u - a scroll of magic mapping {unknown}
Potions
 b - a potion of lignification {unknown}
 d - 3 potions of might
 e - a potion of ambrosia {unknown}
 i - a potion of flight {unknown}
 r - 3 potions of curing {unknown}
 v - a potion of haste {unknown}
 w - a potion of degeneration {unknown}
 x - a potion of berserk rage {unknown}


   Skills:
 - Level 3.2 Fighting
 + Level 4.1 Axes
 + Level 5.1 Armour
 + Level 6.3 Shields


You had 5 spell levels left.
You didn't know any spells.
Your spell library was empty.

Dungeon Overview and Level Annotations

Branches:
Dungeon (5/15)             Temple (1/1) D:4

Altars:
Ashenzari
Dithmenos
Elyvilon
Fedhas
Gozag
Hepliaklqana
Kikubaaqudgha
Qazlal
Ru
Sif Muna
Uskayaw
Vehumet
Xom
Zin
The Shining One


Innate Abilities, Weirdness & Mutations

You cannot be hasted, slowed, berserked, paralysed or teleported.
You can dig through walls and to a lower floor.
You have a pair of large antennae on your head. (SInv)
Your four strong arms can wield two-handed weapons with a shield.


Message History

You slash the ufetubus!
You kill the ufetubus!
The gnoll is no longer moving quickly.
The gnoll bouda barks out a call to the hunt!
The gnoll picks up the pace!
The gnoll is distracted by your dazzling golden aura.
The gnoll shouts!
You closely miss the gnoll bouda.
The gnoll is no longer moving quickly.
The gnoll bouda hits you but does no damage.
You closely miss the gnoll bouda.
The gnoll is no longer distracted by gold.
You block the gnoll bouda's attack.
You slash the gnoll bouda!
The gnoll bouda is severely wounded.
The gnoll bouda barks out a call to the hunt!
The gnoll picks up the pace!
You block the gnoll bouda's attack.
Unknown command.
You hit the gnoll bouda.
The gnoll bouda is severely wounded.
The gnoll is no longer moving quickly.
The gnoll bouda hits you with a +0 club.
You slash the gnoll bouda!
You kill the gnoll bouda!
The gnoll hits you with a +0 flail.
Unknown command.
You slash the gnoll!
The gnoll is heavily wounded.
The gnoll hits you with a +0 flail!
* * * LOW HITPOINT WARNING * * *
You closely miss the gnoll.
The gnoll is heavily wounded.
The gnoll hits you with a +0 flail.
* * * LOW HITPOINT WARNING * * *
Unknown command.
The gnoll attacks as you move away! You block the gnoll's attack.
The gnoll attacks as you move away! You block the gnoll's attack.
The gnoll attacks as you move away! The gnoll hits you with a +0 flail!
You die...
Your body crumbles into a pile of gold.

###### #.~..# #########
##P~~.#########.......########
..~~~........................####
#PPP.............[...#..........
#.~♣.#########.......#....<....#
##....##...........####.........#
#..#.##..########### #.........#
g.##....?..$g.gg@..####.<........
####....##########........)......
##...#### #####.......... #.#.#
#.........# #..#.# ###.#...### #.
..# ##.##..# . ..# ##..##>.# #
... ##..###.## #..##...#


You could see 3 gnolls.

Vanquished Creatures
  A howler monkey (D:5)
  An orc priest (D:4)
  A jelly (D:4)
  A gnoll bouda (D:5)
  An orc wizard (D:4)
  4 gnolls (D:4)
  6 adders
  An ufetubus (D:5)
  A worm (D:5)
  3 dart slugs
  3 orcs
  5 endoplasms
  A giant cockroach (D:3)
  3 goblins
  5 hobgoblins
  8 jackals
  3 quokkas
  6 ball pythons
  2 bats
  A frilled lizard (D:3)
  4 kobolds
  5 rats (D:2)
66 creatures vanquished.

Notes
Turn   | Place    | Note
-------+----------+-------------------------------------------
     0 | D:1      | Descartes the Formicid Fighter began the quest for the Orb.
     0 | D:1      | Reached XP level 1. HP: 18/18 MP: 1/1
   712 | D:1      | Reached XP level 2. HP: 22/24 MP: 2/2
  1278 | D:2      | Reached XP level 3. HP: 22/29 MP: 3/3
  1780 | D:2      | Reached XP level 4. HP: 21/35 MP: 4/4
  1968 | D:2      | Found a faded altar of an unknown god.
  2340 | D:3      | Reached skill level 5 in Shields
  3171 | D:4      | Found a blossoming altar of Fedhas.
  3188 | D:4      | Found a glowing silver altar of Zin.
  3235 | D:4      | Reached XP level 5. HP: 41/41 MP: 5/5
  3394 | D:4      | Found a staircase to the Ecumenical Temple.
  3596 | Temple   | Entered the Ecumenical Temple
  3799 | Temple   | Became a worshipper of Gozag Ym Sagoz the Greedy
  4088 | D:4      | Reached XP level 6. HP: 35/47 MP: 6/6
  4089 | D:4      | Reached skill level 6 in Shields
  4371 | D:5      | Entered Level 5 of the Dungeon
  4391 | D:5      | Found a hazy altar of Hepliaklqana.
  4491 | D:5      | Reached skill level 5 in Armour
  4533 | D:5      | Slain by a gnoll

Illustrated notes

Levels and vault maps discovered:
D:1:      dpeg_arrival_concentric_ovals, layout_basic
D:2:      layout_basic, shapermc_ecumenical_altar_petra,
          minmay_misc_feat_enclosed, hangedman_decor_clover_reticule
D:3:      layout_basic
D:4:      layout_layer_cave, mainiacjoe_overflow_paths, lemuel_crystal_altar,
          temple_statues, hangedman_decor_riveting
D:5:      layout_rooms, mainiacjoe_overflow_alcove_1,
          yredelemnul_forgotten_temple_becter, eino_tiny_chamber,
          serial_bayou_pond_e, uniq_prince_ribbit1
Temple:   nicolae_temple_bog_church

Skill      XL: |  1  2  3  4  5  6 |
---------------+-------------------+-----
Armour         | 4 5 |  5.1
Shields        | 5 6 |  6.3
Axes           | 3 4 |  4.1
Fighting       | |  3.2

Action                   |  1- 3 |  4- 6 || total
-------------------------+-------+-------++-------
Melee: War axe           |    72 |   121 ||   193
Armor: Scale mail        |    14 |       ||    14
       Chain mail        |    26 |    87 ||   113
Dodge: Dodged            |    36 |    69 ||   105
Block: Buckler           |    20 |    46 ||    66
